 Dungeon Crawl Stone Soup version 0.30.1-11-g7821555f0a (webtiles) character file.

Game seed: 649343508910534236

760 Martska the Ducker (level 8, -1/62 HPs)
             Began as a Human Monk on Dec 2, 2023.
             Slain by a killer bee (9 damage)
             ... on level 5 of the Dungeon.
             The game lasted 00:11:45 (6143 turns).

Martska the Ducker (Human Monk)                     Turns: 6143, Time: 00:11:46

Health: -1/62      AC:  3    Str: 13    XL:     8   Next: 7%
Magic:  10/10      EV: 30    Int: 11    God:
Gold:   175        SH:  0    Dex: 22    Spells: 9/9 levels left

rFire   . .          .
                       - Unarmed
rCold   . . .        (no shield)
rNeg    . . .        a - +0 robe
rPois   +            i - +0 helmet
rElec   .            (no cloak)
rCorr   .            (no gloves)
SInv    .            (no boots)
Will    .....        D - amulet of the acrobat
Stlth   +++          h - ring of poison resistance
HPRegen 0.30/turn    y - +6 ring of dexterity
MPRegen 0.12/turn

%: acrobat
@: lethally poisoned (-1 -> -2), acrobatic
A: no striking features
a: no special abilities


You were on level 5 of the Dungeon.
You visited 1 branch of the dungeon, and saw 5 of its levels.

You collected 201 gold pieces.
You spent 26 gold pieces at shops.

Inventory:

Hand Weapons
 b - a +2 heavy trident
 s - a +2 short sword of freezing
Missiles
 l - a throwing net (quivered)
Armour
 a - a +0 robe (worn)
 c - an orb of light
 i - a +0 helmet (worn)
Magical Staves
 r - a staff of poison
Jewellery
 h - a ring of poison resistance (left hand)
 y - a +6 ring of dexterity (right hand)
 D - an amulet of the acrobat (around neck)
Wands
 x - a wand of acid (4)
Scrolls
 d - 3 scrolls of teleportation {unknown}
 k - 3 scrolls of vulnerability
 n - 2 scrolls of fog {unknown}
 o - a scroll of summoning {unknown}
 t - a scroll of noise {unknown}
 u - a scroll of enchant armour {unknown}
 w - a scroll of immolation {unknown}
 A - a scroll of brand weapon {unknown}
Potions
 e - 2 potions of resistance
 f - a potion of lignification {unknown}
 g - 2 potions of haste {unknown}
 j - a potion of invisibility {unknown}
 p - a potion of might {unknown}
 q - a potion of heal wounds {unknown}
 v - a potion of magic {unknown}
 z - 4 potions of curing
 B - a potion of cancellation {unknown}
 C - a potion of attraction {unknown}


   Skills:
 * Level 5.2 Fighting
 * Level 5.2 Dodging
 + Level 3.3 Stealth
 * Level 5.1 Unarmed Combat
 - Level 1.3 Spellcasting


You had 9 spell levels left.
You didn't know any spells.
Your spell library contained the following spells:

 Spells                   Type           Power      Damage    Failure   Level
 Lesser Beckoning         Tloc           0%         N/A       43%         2
 Gell's Gravitas          Tloc           0%         N/A       67%         3
 Teleport Other           Tloc           0%         N/A       67%         3
 Vhi's Electric Charge    Tloc/Air       0%         N/A       67%         3
 Arcjolt                  Conj/Air       0%         1d10      100%        5
 Maxwell's Capacitive Co  Air            0%         ∞         100%        8


Dungeon Overview and Level Annotations

Branches:
Dungeon (5/15)
 Temple: D:4-7

Altars:
Dithmenos
Fedhas
Hepliaklqana
Okawaru

Shops:
D:2 *   D:3 ?

Annotations:
D:5 Grinder


Message History

The killer bee closely misses you.
You miss the killer bee.
The killer bee is moderately wounded.
The killer bee closely misses you. x2
You hit the killer bee.
The killer bee is heavily wounded.
The killer bee stings you. The killer bee closely misses you.
You completely miss the killer bee.
The killer bee is heavily wounded.
The killer bee barely misses you.
Grinder blinks!
The killer bee barely misses you.
You hit the killer bee.
The killer bee is almost dead.
The killer bee stings you! The killer bee closely misses you.
You miss the killer bee.
The killer bee is almost dead.
The killer bee closely misses you.
The white imp shouts, "Go and return not, thou jarring rude-growing mule!"
You closely miss the killer bee.
The killer bee is almost dead.
The killer bee misses you. The killer bee stings you.
You closely miss the killer bee.
The killer bee is almost dead.
The killer bee stings you!
You are poisoned.
The killer bee poisons you! The killer bee stings you.
Grinder blinks!
You barely miss the killer bee.
The killer bee is almost dead.
You feel sick. The killer bee barely misses you. The killer bee stings you.
* * * LOW HITPOINT WARNING * * *
You feel sick. The killer bee closely misses you.
You feel sick. The killer bee completely misses you.
You feel sick.
The killer bee attacks as you move away!
The killer bee stings you.
* * * LOW HITPOINT WARNING * * *
You feel sick. The killer bee stings you.
* * * LOW HITPOINT WARNING * * *
The killer bee stings you!
You die...

..###...5...####.......
#...y!......# ###.....
#.......# #..).. #
###5#.##### #..... #
#####.#.....######.## #
#...y.#####......#.# #
#.##.###########...## #
#..yy............#..# #
##..@.....##......... #
##...............#.#. #
#..........####..#.#. #
#..................#. #
#...........#####..#. #
# #..........## #..## #
#.⌠.#..........# #..## #
#...#.....>....# #..#
##########.##..>.......#
#..#


You could see 3 killer bees and a white imp.

Vanquished Creatures
  Eustachio (D:4)
  An ogre (D:5)
  A killer bee (D:5)
  A howler monkey (D:5)
  Crazy Yiuf (D:5)
  2 orc priests
  2 hounds (D:5)
  A sleepcap (D:3)
  An iguana (D:5)
  2 orc wizards
  9 adders
  A white imp (D:5)
  2 worms
  5 dart slugs
  8 orcs
  13 ball pythons
  8 endoplasms
  2 giant cockroaches
  3 goblins
  7 hobgoblins
  6 jackals
  4 kobolds
  9 quokkas
  8 bats
  3 frilled lizards
  16 rats
117 creatures vanquished.

Notes
Turn   | Place    | Note
-------+----------+-------------------------------------------
     0 | D:1      | Martska the Human Monk began the quest for the Orb.
     0 | D:1      | Reached XP level 1. HP: 18/18 MP: 1/1
   104 | D:1      | Reached XP level 2. HP: 15/24 MP: 2/2
   748 | D:2      | Reached XP level 3. HP: 26/29 MP: 2/4
   756 | D:2      | Reached skill level 1 in Stealth
   801 | D:2      | Reached skill level 1 in Spellcasting
  1163 | D:2      | Reached XP level 4. HP: 26/35 MP: 5/5
  1858 | D:2      | Found Juusug's Assorted Antiques.
  2231 | D:2      | Reached XP level 5. HP: 39/41 MP: 7/7
  2731 | D:3      | Found an iron altar of Okawaru.
  2864 | D:3      | Found Voz Ront's Magic Scroll Shop.
  2991 | D:3      | Bought a scroll of identify for 26 gold pieces
  3418 | D:3      | Reached XP level 6. HP: 16/48 MP: 8/8
  3681 | D:3      | Found a shadowy altar of Dithmenos.
  3813 | D:4      | Noticed Eustachio
  3831 | D:4      | HP: 1/48 [Eustachio/+0 rapier (7)]
  3832 | D:4      | Killed Eustachio
  3833 | D:4      | Reached XP level 7. HP: 1/55 MP: 9/9
  4309 | D:4      | HP: 2/55 [something/magic dart (9)]
  4577 | D:4      | Identified the +0 ring mail of Pifof {Drain Str+3 Int+2
                  | SInv}
  4617 | D:4      | Found a hazy altar of Hepliaklqana.
  4716 | D:4      | Found a blossoming altar of Fedhas.
  4887 | D:5      | Entered Level 5 of the Dungeon
  4898 | D:5      | Noticed a hornet
  5173 | D:5      | Found a runed translucent door.
  5174 | D:5      | Noticed Crazy Yiuf
  5185 | D:5      | Killed Crazy Yiuf
  5477 | D:5      | Noticed Grinder
  5506 | D:5      | Reached skill level 5 in Dodging
  5536 | D:5      | HP: 1/55 [iguana (9)]
  5819 | D:5      | Reached skill level 5 in Fighting
  5819 | D:5      | Reached skill level 5 in Unarmed Combat
  6014 | D:5      | Reached XP level 8. HP: 62/62 MP: 10/10
  6143 | D:5      | Slain by a killer bee

Illustrated notes

Levels and vault maps discovered:
D:1:      tekkud_arrival_beachfront_property, layout_rooms,
          minmay_rat_gold_closets
D:2:      minmay_recursive_quarters, layout_basic, serial_shops,
          nicolae_shop_overgrown_old_shop
D:3:      layout_loops_ring, nicolae_dithmenos_through_a_glass_darkly,
          okawaru_metal_pillars_1_2, serial_shops, shop
D:4:      layout_loops_cross, mainiacjoe_overflow_tiny_flanked,
          mainiacjoe_overflow_cross_hatched, uniq_eustachio
D:5:      layout_rooms, minmay_temple_entry_nine_rooms,
          minmay_misc_feat_pillars, uniq_grinder, uniq_crazy_yiuf_cottage

Skill      XL: |  1  2  3  4  5  6  7 |
---------------+----------------------+-----
Stealth        | 1 2 3 |  3.3
Spellcasting   | 1 |  1.3
Fighting       | 4 5 |  5.2
Dodging        | 4 5 |  5.2
Unarmed Combat | 4 5 |  5.1

Action                     |  1- 3 |  4- 6 |  7- 9 || total
---------------------------+-------+-------+-------++-------
  Melee: Unarmed           |   108 |   248 |    20 ||   376
         Punch             |     1 |     8 |     4 ||    13
         Short sword       |       |    62 |   102 ||   164
    Use: Potion            |       |     2 |       ||     2
         Scroll            |       |     4 |     3 ||     7
   Stab: Sleeping          |     8 |     3 |     2 ||    13
         Distracted        |       |       |     1 ||     1
 Armour: Robe              |    14 |    75 |    16 ||   105
  Dodge: Dodged            |    56 |   255 |    97 ||   408
